 Dungeon Sprint DCSS version 0.31-a0-854-g362426d53f (webtiles) character file.

Game seed: 8184378897810676319

134 rocky1 the Carver (level 8, -6/66 HPs)
             Began as a Djinni Fighter on Oct 9, 2023.
             Was an Initiate of Gozag.
             Mangled by a jumping spider (17 damage)
             ... in the Dungeon (Sprint VI: "Thunderdome").
             The game lasted 00:04:53 (458 turns).

rocky1 the Carver (Djinni Fighter)                   Turns: 458, Time: 00:04:54

Health: -6/66      AC:  0    Str: 15    XL:     8   Next: 77%
Gold:   205        EV:  7    Int:  9    God:    Gozag SH:  0 Dex: 20

rFire   + + .        a - +0 long sword
rCold   x . .        c - +0 buckler
rNeg    + + .        (no body armour)
rPois   ∞            (no helmet)
rElec   +            (no cloak)
rCorr   +            (no gloves)
SInv    +            (boots unavailable)
Will    .....        d - amulet "Wibuts" {Spirit rElec Regen+ Dex-3 Slay+4}
Stlth   +++          h - ring "Muzics" {rN++ Will+ Slay-2 Stlth+}
HPRegen 1.11/turn    n - ring "Gemapn" {rElec Will- rCorr Dex+7 SInv}
MPRegen 0.00/turn

%: no teleportation, guardian spirit, infuse magic (-7 HP)
@: flying, held, hasted, very quick
A: sickness immunity, fire resistance 2, cold vulnerability 1, float, innate
caster, HP casting, extra vitality 1
a: Renounce Religion, Potion Petition, Call Merchant, Bribe Branch


You were in the Dungeon.
You worshipped Gozag.
Gozag was aware of your devotion.
You visited 1 branch You collected 1444 gold pieces.
You spent 1239 gold pieces at shops.

Inventory:

Hand Weapons
 a - a +0 long sword (weapon)
Armour
 b - a +0 scale mail
 c - a +0 buckler (worn)
 o - +0 ice dragon scales
Jewellery
 d - the amulet "Wibuts" (around neck) {Spirit rElec Regen+ Dex-3 Slay+4}
   (You bought it in a shop in the Dungeon)

   [amulet of guardian spirit]

   Spirit:    It causes incoming damage to be divided between your reserves of
   health and magic.
   Dex-3:     It affects your dexterity (-3).
   Slay+4:    It affects your accuracy & damage with ranged weapons and melee
   (+4).
   rElec:     It insulates you from electricity.
   Regen+:    It increases your rate of health regeneration.
 h - the ring "Muzics" (left hand) {rN++ Will+ Slay-2 Stlth+}
   (You bought it in a shop in the Dungeon)

   [ring of willpower]

   Slay-2:    It affects your accuracy & damage with ranged weapons and melee
   (-2).
   rN++:      It greatly protects you from negative energy.
   Will+:     It increases your willpower.
   Stlth+:    It makes you more stealthy.
 k - the amulet "Saovvaimn" {Acrobat Rampage rF+ Str+3 Slay-3}
   (You bought it in a shop in the Dungeon)

   [amulet of the acrobat]

   Acrobat:   It increases your evasion while moving and waiting.
   Str+3:     It affects your strength (+3).
   Slay-3:    It affects your accuracy & damage with ranged weapons and melee
   (-3).
   rF+:       It protects you from fire.
   Rampage:   It bestows one free step when moving towards enemies.
 l - the amulet "Kemiecymm" {RegenMP Harm Regen+ Dex-5 Stlth+}
   (You bought it in a shop in the Dungeon)

   [amulet of magic regeneration]

   RegenMP:   It increases your rate of magic regeneration.
   Dex-5:     It affects your dexterity (-5).
   Regen+:    It increases your rate of health regeneration.
   Harm:      It increases damage dealt and taken.
   Stlth+:    It makes you more stealthy.
 n - the ring "Gemapn" (right hand) {rElec Will- rCorr Dex+7 SInv}
   (You bought it in a shop in the Dungeon)

   [ring of see invisible]

   Dex+7:     It affects your dexterity (+7).
   rElec:     It insulates you from electricity.
   Will-:     It decreases your willpower.
   SInv:      It lets you see invisible.
   rCorr:     It protects you from acid and corrosion.
Scrolls
 i - 4 scrolls of blinking
 m - 3 scrolls of fog
Potions
 e - 3 potions of curing
 f - 6 potions of heal wounds
 g - 3 potions of haste
 j - a potion of resistance


   Skills:
 + Level 8.6 Fighting
 * Level 10.2 Long Blades
 + Level 8.8 Armour
 + Level 2.5 Dodging
 + Level 8.2 Shields
 + Level 4.1 Evocations


You knew the following spells:

 Your Spells              Type           Power      Damage    Failure   Level
a - Magic Dart            Conj           0%         1d3       45%         1
b - Ensorcelled Hibernat  Hex/Ice        0%         N/A       58%         2
c - Lesser Beckoning      Tloc           0%         N/A       58%         2
Your spell library was empty.

Dungeon Overview and Level Annotations

Branches:
Dungeon (1/1)

Altars:
Cheibriados
Dithmenos
Fedhas
Gozag
Makhleb
Okawaru
Qazlal
Ru
Trog
Uskayaw
Wu Jian
Xom
Yredelemnul
Zin
The Shining One
Lugonu

Shops:
D *[=??*?*:[((!!!!


Innate Abilities, Weirdness & Mutations

You are immune to sickness and miasma.
You are immune to poison.
Your flesh is very heat resistant. (rF++)
You are vulnerable to cold. (rC-)
You float through the air rather than walking.
You learn spells naturally, not from books.
Your magical power is your life essence.
You have superior vitality. (+4 MHP)


Message History

The jumping spider leaps!
You feel yourself speed up.
The jumping spider leaps!
The jumping spider leaps!
The jumping spider barely misses you. You block the jumping spider's attack.
You hit the jumping spider.
The jumping spider is lightly wounded.
The jumping spider misses you. The jumping spider bites you.
You barely miss the jumping spider.
The jumping spider is lightly wounded.
You block the jumping spider's attack. The jumping spider bites you!
You hit the jumping spider.
The jumping spider is lightly wounded.
The jumping spider pounces on you. You block the jumping spider's attack.
You hit the jumping spider but do no damage.
The jumping spider is lightly wounded.
You block the jumping spider's attack. x2
You closely miss the jumping spider.
The jumping spider is lightly wounded.
The jumping spider closely misses you. The jumping spider bites you!
You closely miss the jumping spider.
The jumping spider is lightly wounded.
You block the jumping spider's attack. The jumping spider bites you!
You closely miss the jumping spider.
The jumping spider is lightly wounded.
The jumping spider pounces on you!
You are caught in a web!
The jumping spider bites you!
You struggle to detach yourself from the web.
The jumping spider pounces on you. The jumping spider bites you.
* * * LOW HITPOINT WARNING * * *
You struggle to detach yourself from the web.
The jumping spider barely misses you. The jumping spider bites you.
* * * LOW HITPOINT WARNING * * *
You struggle to detach yourself from the web.
The jumping spider completely misses you.
The jumping spider bites you.
* * * LOW HITPOINT WARNING * * *
You struggle to detach yourself from the web.
The jumping spider pounces on you!
You die...
Your body crumbles into a pile of gold.

⌠..........# #.<.# #..........⌠#
⌠..........###...###..........⌠#
#......[).....###.............##
###∩...)....8.# #.8........∩###
##∩___......###.......__∩##
######)8.........8.######
#⌠...........⌠# ###.........###
#_...s@.._# #_........#
#_......._# #∩.......∩#
##∩.....∩## ##.....## ##⌠⌠⌠##
#####


You could see a jumping spider.

Vanquished Creatures
  Joseph (D)
  A kobold demonologist (D)
  Sigmund (D)
  A wyvern (D)
  2 scorpions (D)
  A howler monkey (D)
  3 gnoll boudas (D)
  Jessica (D)
  An orc wizard (D)
  Terence (D)
  3 gnolls (D)
  A giant cockroach (D)
  A quokka (D)
18 creatures vanquished.

Notes
Turn   | Place    | Note
-------+----------+-------------------------------------------
     0 | D        | rocky1 the Djinni Fighter began the quest for the Orb.
     0 | D        | Reached XP level 1. HP: 20/20 MP: 0/0
     4 | D        | Found a hide-covered altar of Uskayaw.
     5 | D        | Found an iron altar of Okawaru.
     5 | D        | Found a glowing silver altar of Zin.
     5 | D        | Round 1.
     6 | D        | Found a sacrificial altar of Ru.
     7 | D        | Found Kaechim's Timeless Talismans.
     7 | D        | Found a shimmering altar of Xom.
     7 | D        | Found a blossoming altar of Fedhas.
     7 | D        | Found Recehaosch's Identification Station.
     8 | D        | Found Otuof's Jewellery.
     8 | D        | Found Biec's Advanced Armour.
    10 | D        | Found an ornate altar of the Wu Jian Council.
    10 | D        | Found a basalt altar of Yredelemnul.
    10 | D        | Found a shadowy altar of Dithmenos.
    10 | D        | Found Vizoux's Magic Scroll Shop.
    10 | D        | Found Edenk's Staff Store.
    11 | D        | Found Iranaz's Magic Scroll Shop.
    11 | D        | Found Syezysep's Must-Have Magic.
    14 | D        | Found a bloodstained altar of Trog.
    15 | D        | Found an opulent altar of Gozag.
    17 | D        | Found Ryg Yjeme's Distillery.
    18 | D        | Found Sumuez's Distillery.
    18 | D        | Found Nood's Bottled Wisdom.
    19 | D        | Noticed Terence
    24 | D        | Became a worshipper of Gozag Ym Sagoz the Greedy
    30 | D        | Killed Terence
    31 | D        | Reached skill level 2 in Long Blades
    31 | D        | Reached XP level 2. HP: 26/26 MP: 0/0
    31 | D        | Reached XP level 3. HP: 31/31 MP: 0/0
    31 | D        | Learned a level 1 spell: Magic Dart
    31 | D        | Found a stormy altar of Qazlal.
    31 | D        | Found Cublyomn's Do-It-Yourself Clinic.
    38 | D        | Noticed Sigmund
    39 | D        | Noticed Jessica
    44 | D        | Killed Sigmund
    45 | D        | Reached skill level 3 in Long Blades
    45 | D        | Reached XP level 4. HP: 28/40 MP: 0/0
    45 | D        | Reached XP level 5. HP: 32/46 MP: 0/0
    45 | D        | Learned a level 2 spell: Ensorcelled Hibernation
    47 | D        | Killed Jessica
    48 | D        | Reached XP level 6. HP: 37/51 MP: 0/0
    78 | D        | Found a burning altar of Makhleb.
    89 | D        | Arena points: 14 (+14) [x2]
    90 | D        | Found a snail-covered altar of Cheibriados.
   135 | D        | Round 2.
   137 | D        | Found a glowing golden altar of the Shining One.
   150 | D        | Reached skill level 4 in Long Blades
   150 | D        | Reached skill level 1 in Dodging
   155 | D        | Reached skill level 5 in Long Blades
   155 | D        | Arena points: 50 (+36) [x3]
   201 | D        | Round 3.
   206 | D        | Noticed Joseph
   209 | D        | Noticed a wyvern
   220 | D        | Killed a wyvern
   221 | D        | Reached skill level 6 in Long Blades
   221 | D        | Reached XP level 7. HP: 38/58 MP: 0/0
   221 | D        | Learned a level 2 spell: Lesser Beckoning
   232 | D        | Killed Joseph
   233 | D        | Reached skill level 8 in Long Blades
   233 | D        | Reached XP level 8. HP: 28/65 MP: 0/0
   253 | D        | Found a corrupted altar of Lugonu.
   261 | D        | Bought 4 potions of curing for 84 gold pieces
   261 | D        | Bought 3 potions of heal wounds for 105 gold pieces
   261 | D        | Bought 3 potions of heal wounds for 105 gold pieces
   283 | D        | Noticed a kobold demonologist
   302 | D        | Killed a kobold demonologist
   303 | D        | Reached skill level 9 in Long Blades
   325 | D        | Arena points: 134 (+84) [x4]
   326 | D        | Reached skill level 10 in Long Blades
   348 | D        | Bought a steaming sapphire amulet for 45 gold pieces
   348 | D        | Identified the amulet "Wibuts" {Spirit rElec Regen+ Dex-3
                  | Slay+4} (You bought it in a shop in the Dungeon)
   348 | D        | Bought an ancient marble ring for 45 gold pieces
   348 | D        | Identified the ring "Muzics" {rN++ Will+ Slay-2 Stlth+}
                  | (You bought it in a shop in the Dungeon)
   348 | D        | Bought a translucent pewter amulet for 45 gold pieces
   348 | D        | Identified the amulet "Saovvaimn" {Acrobat Rampage rF+
                  | Str+3 Slay-3} (You bought it in a shop in the Dungeon)
   348 | D        | Bought a transparent sapphire amulet for 45 gold pieces
   348 | D        | Identified the amulet "Kemiecymm" {RegenMP Harm Regen+
                  | Dex-5 Stlth+} (You bought it in a shop in the Dungeon)
   348 | D        | Bought an ancient iron ring for 45 gold pieces
   348 | D        | Identified the ring "Gemapn" {rElec Will- rCorr Dex+7 SInv}
                  | (You bought it in a shop in the Dungeon)
   394 | D        | Round 4.
   415 | D        | Found Pemog's Premium Goods.
   417 | D        | Found Zeuvab's Weapon Rack.
   418 | D        | Found Tutofou's Miscellaneous Merchandise.
   418 | D        | Found Xeuvaucw's Basic Armour.
   436 | D        | Bought +0 ice dragon scales for 720 gold pieces
   436 | D        | Noticed a jumping spider
   458 | D        | Mangled by a jumping spider

Illustrated notes

Levels and vault maps discovered:
D:        arena_sprint

Skill      XL: |  1  2  3  4  5  6  7  8 |
---------------+-------------------------+-----
Fighting       | 4 6 7 8 |  8.6
Long Blades    | 2 3 6 8 10 | 10.2
Armour         | 4 6 7 8 |  8.8
Shields        | 4 6 7 8 |  8.2
Evocations     | 2 3 4 |  4.1
Dodging        | 1 2 |  2.5

Action                     |  1- 3 |  4- 6 |  7- 9 || total
---------------------------+-------+-------+-------++-------
  Melee: Long sword        |     6 |    33 |    52 ||    91
  Evoke: Wand              |     8 |     2 |       ||    10
    Use: Potion            |       |     4 |     5 ||     9
 Armour: Scale mail        |     5 |    39 |    42 ||    86
         Skin              |       |       |    12 ||    12
  Dodge: Dodged            |       |    17 |    36 ||    53
  Block: Buckler           |     4 |    12 |    27 ||    43

Table legend: (Time is in decaauts)
 A = Elapsed time spent in this place.
 B = Non-inter-level travel time spent in this place.
 C = Inter-level travel time spent in this place.
 D = Time resting spent in this place.
 E = Time spent auto-exploring this place.
 F = Levels seen in this place.
 G = Mean time per level.
                   A        B        C        D        E       F      G
               +--------+--------+--------+--------+--------+-----+--------+
         Total |    471 |    471 |      0 |    105 |      0 |   1 |  471.0 |
       Dungeon |    471 |    471 |      0 |    105 |      0 |   1 |  471.0 |
               +--------+--------+--------+--------+--------+-----+--------+

Top non-repeatable levels by time:
       D: 471 daAuts
